 Dungeon Crawl Stone Soup version 0.27.1-3-gb3d3a73c9e (webtiles) character file.

Game seed: 14309090103625463062

9 horus123 the Skirmisher (level 2, 0/24 HPs)
             Began as a Human Fighter on Oct 16, 2021.
             Slain by a kobold (5 damage)
             ... on level 1 of the Dungeon.
             The game lasted 00:00:23 (265 turns).

horus123 the Skirmisher (Human Fighter)              Turns: 265, Time: 00:00:23

Health: 0/24       AC:  6    Str: 16    XL:     2   Next: 25%
Magic:  2/2        EV:  6    Int:  8    God:
Gold:   8          SH:  8    Dex: 12    Spells: 1/1 levels left

rFire    . . .     SeeInvis .   a - +0 war axe
rCold    . . .     Faith    .   c - +0 kite shield
rNeg     . . .     Spirit   .   b - +0 scale mail
rPois    .         Reflect  .   (no helmet)
rElec    .         Harm     .   (no cloak)
rCorr    .         Rampage  .   (no gloves)
Will     .....                  (no boots)
Stlth    ..........             (no amulet)
HPRegen  0.08/turn              (no ring)
MPRegen  0.08/turn              (no ring)

@: no status effects
A: no striking features
a: no special abilities


You were on level 1 of the Dungeon.
You visited 1 branch of the dungeon, and saw 1 of its levels.

You collected 8 gold pieces.

Inventory:

Hand Weapons
 a - a +0 war axe (weapon)
Armour
 b - a +0 scale mail (worn)
 c - a +0 kite shield (worn)
Potions
 d - a potion of might


   Skills:
 * Level 3.2 Fighting
 + Level 2.1 Axes
 + Level 3.1 Armour
 + Level 3.1 Shields


You had one spell level left.
You didn't know any spells.
Your spell library was empty.

Dungeon Overview and Level Annotations

Branches:
Dungeon (1/15)

Altars:


Message History

You barely miss the giant cockroach.
The giant cockroach bites you but does no damage.
The endoplasm hits you but does no damage.
The giant cockroach bites you but does no damage.
The endoplasm freezes you.
You are frozen.
You barely miss the giant cockroach.
The giant cockroach bites you but does no damage. x2
You barely miss the giant cockroach.
The giant cockroach bites you but does no damage.
You block the giant cockroach's attack.
You closely miss the giant cockroach. The giant cockroach closely misses you.
The giant cockroach bites you but does no damage.
You hit the giant cockroach but do no damage.
The giant cockroach barely misses you. You block the giant cockroach's attack.
You slash the giant cockroach!
You kill the giant cockroach!
The endoplasm freezes you.
You are frozen.
You have reached level 2!
Your shield and scale mail prevent you from hitting the endoplasm.
The endoplasm is lightly wounded.
The endoplasm hits you but does no damage.
The endoplasm freezes you.
You are frozen.
You slash the endoplasm!
You kill the endoplasm!
You block the goblin's attack.
You slash the goblin!
You kill the goblin!
You block the kobold's attack.
You barely miss the kobold. You block the kobold's attack. x2
You barely miss the kobold. You block the kobold's attack.
You barely miss the kobold.
The kobold hits you with a +0 short sword.
* * * LOW HITPOINT WARNING * * *
You block the kobold's attack.
You hit the kobold but do no damage.
The kobold hits you with a +0 short sword.
You die...

........... .. ..........
.. ........# .. .......
######g .......
.......###########........
?......#..PP.....#.#####..
.......#######.###.#......
........K@...#.#...#.#....
.......#####.#.###........
.......#b.P#.#...#...#.##.
.......###P#.#.###...'....
....... #.#.#P# #...#.###
....... ###.#####...#.#.#
#####.. #.........#...#
#.. #.........#####
##.####'#...# #


You could see a kobold.

Vanquished Creatures
  2 endoplasms (D:1)
  A giant cockroach (D:1)
  2 goblins (D:1)
  A quokka (D:1)
  A frilled lizard (D:1)
  A kobold (D:1)
8 creatures vanquished.

Notes
Turn   | Place    | Note
-------+----------+-------------------------------------------
     0 | D:1      | horus123 the Human Fighter began the quest for the Orb.
     0 | D:1      | Reached XP level 1. HP: 18/18 MP: 1/1
   259 | D:1      | Reached XP level 2. HP: 14/24 MP: 2/2
   265 | D:1      | Slain by a kobold

Illustrated notes

Levels and vault maps discovered:
D:1:      minmay_arrival_semitransparent, layout_basic, serial_aquarium,
          aquarium_bridge_square [aquarium_subvault_bridge,
          aquarium_subvault_bridge, aquarium_subvault_balcony,
          aquarium_subvault_wall], aquarium_bridge_square
          [aquarium_subvault_bridge, aquarium_subvault_bridge,
          aquarium_subvault_window, aquarium_subvault_balcony],
          aquarium_window_fake, aquarium_window_1, aquarium_view_2a,
          aquarium_balcony_double_4, aquarium_pool_1, basic_ecumenical_altar

Action                   || total
-------------------------++-------
Melee: War axe           ||    19
Armor: Scale mail        ||    11
Dodge: Dodged            ||     2
Block: Kite shield       ||     9
